 Dungeon Crawl Stone Soup version 0.30-a0-883-g5ad918d77d (webtiles) character file.

Game seed: 12556632821340469501

52 Jeffwins the Covered (level 4, -7/32 HPs)
             Began as a Human Wanderer on Mar 17, 2023.
             Killed from afar by an orc wizard (9 damage)
             ... with a puff of flame
             ... on level 3 of the Dungeon.
             The game lasted 00:04:27 (1811 turns).

Jeffwins the Covered (Human Wanderer)               Turns: 1811, Time: 00:04:28

Health: -7/32      AC:  0    Str: 17    XL:     4   Next: 8%
Magic:  7/7        EV: 11    Int: 16    God:
Gold:   64         SH:  0    Dex: 10    Spells: 3/7 levels left

rFire   . . .      SeeInvis .    a - +1 sling (freeze)
rCold   . . .      Faith    .    (no shield)
rNeg    . . .      Spirit   .    (no body armour)
rPois   .          Reflect  .    (no helmet)
rElec   .          Rampage  .    (no cloak)
rCorr   .                        (no gloves)
Will    .....                    (no boots)
Stlth   +                        (no amulet)
HPRegen 0.25/turn                S - +6 ring of strength
MPRegen 0.10/turn                (no ring)

@: confused
A: dopey 1, sense surroundings 1
a: no special abilities


You were on level 3 of the Dungeon.
You visited 1 branch of the dungeon, and saw 3 of its levels.

You collected 64 gold pieces.


Innate Abilities, Weirdness & Mutations

You are dopey. (Int -2)
You passively map a small area around you.


   Skills:
 - Level 1.0 Fighting
 * Level 0.1 Ranged Weapons
 - Level 1.0 Throwing
 - Level 4.0 Armour
 * Level 2.0 Spellcasting
 * Level 1.6 Conjurations
 - Level 1.0 Translocations
 * Level 2.8 Earth Magic


You had 3 spell levels left.
You knew the following spells:

 Your Spells              Type           Power      Damage    Failure   Level
x - Stone Arrow           Conj/Erth      16%        3d8       24%         3
z - Sandblast             Erth           20%        2d7       7%          1

Your spell library contained the following spells:

 Spells                   Type           Power      Damage    Failure   Level
 Apportation              Tloc           8%         N/A       14%         1
 Passwall                 Tmut/Erth      5%         N/A       17%         2
 Portal Projectile        Hex/Tloc       6%         N/A       45%         3
 Leda's Liquefaction      Hex/Erth       3%         N/A       75%         4

Inventory:

Hand Weapons
 a - a +1 sling of freezing (weapon)
Jewellery
 S - a +6 ring of strength (left hand)
Scrolls
 d - a scroll of teleportation {unknown}
 g - a scroll of vulnerability {unknown}
 h - 4 scrolls of identify {unknown}
Potions
 b - a potion of attraction {!q}
 c - a potion of ambrosia
 e - a potion of lignification {unknown}
 i - a potion of curing {unknown}

Dungeon Overview and Level Annotations

Branches:
Dungeon (3/15)

Altars:
Nemelex Xobeh

Annotations:
D:2 Terence

*#.# #.#, #.#
, , #.. , , ,
* , #.# * #.#
* * *
##.######.#
*#.........# *
, ##@########
* #{### #...#
* , #.#.# * *
#.#.#####... ,
#.#.......░* ,
#.#.#####...
#.#.# *
#.#.##########


There were no monsters in sight!


Message History

* * * LOW HITPOINT WARNING * * *
Unknown command.
Something hits you.
* * * LOW HITPOINT WARNING * * *
Unknown command.
You feel less invigorated.
You hear some strange, mumbled words.
Something tries to affect you, but you resist.
Unknown command.
Something hits you.
Unknown command.
Something hits you.
Unknown command.
Something hits you.
* * * LOW HITPOINT WARNING * * *
Unknown command.
You hear some strange, mumbled words.
A magic dart appears from out of thin air!
The magic dart hits you.
* * * LOW HITPOINT WARNING * * *
Unknown command.
You hear some strange, mumbled words.
A magic dart appears from out of thin air!
The magic dart hits you!
* * * LOW HITPOINT WARNING * * *
Unknown command.
You hear some strange, mumbled words.
A puff of flame appears from out of thin air!
The puff of flame hits you!
You die...

Skill      XL: |  1  2  3 |
---------------+----------+-----
Conjurations   | 1 |  1.6
Spellcasting   | 2 |  2.0
Fighting       | |  1.0
Ranged Weapons | |  0.1
Throwing       | |  1.0
Armour         | |  4.0
Translocations | |  1.0
Earth Magic    | |  2.8

Action                     |  1- 3 |  4- 6 || total
---------------------------+-------+-------++-------
  Melee: Club              |     3 |       ||     3
         Whip              |    28 |       ||    28
         Punch             |     1 |       ||     1
         Sling             |       |     1 ||     1
   Fire: Sling             |    16 |    10 ||    26
   Cast: Sandblast         |    52 |     5 ||    57
    Use: Potion            |       |     2 ||     2
  Dodge: Dodged            |    44 |     2 ||    46

Levels and vault maps discovered:
D:1:      dpeg_arrival_arbitrary_a, layout_rooms, serial_aquarium,
          aquarium_bridge_island_large [aquarium_subvault_large_water,
          aquarium_subvault_bridge, aquarium_subvault_wall,
          aquarium_subvault_balcony, aquarium_subvault_bridge],
          aquarium_bridge_long_joined [aquarium_subvault_window,
          aquarium_subvault_bridge, aquarium_subvault_bridge,
          aquarium_subvault_bridge, aquarium_subvault_wall,
          aquarium_subvault_bridge], aquarium_window_1, aquarium_window_1,
          aquarium_window_fake, aquarium_view_4, aquarium_view_2e,
          aquarium_balcony_3a, aquarium_pool_four, minmay_3d_cube
D:2:      layout_rooms, basic_altar, uniq_terence
D:3:      minmay_general_purpose_star, layout_loops_ring,
          chequers_temple_overflow_statue_of_worship,
          nicolae_wu_jian_immortal_techniques, nicolae_uskayaw_dance_hall,
          columned_hall_lemuel

Notes
Turn   | Place    | Note
-------+----------+-------------------------------------------
     0 | D:1      | Jeffwins the Human Wanderer began the quest for the Orb.
     0 | D:1      | Jeffwins set off with the following items: a +0 club, a
                  | potion of attraction {!q}, a +0 scale mail; and the
                  | following spells available to memorise: Sandblast,
                  | Apportation, Stone Arrow, Portal Projectile, Leda's
                  | Liquefaction.
     0 | D:1      | Reached XP level 1. HP: 15/15 MP: 2/2
     2 | D:1      | Learned a level 1 spell: Sandblast
   151 | D:1      | Reached XP level 2. HP: 21/21 MP: 1/3
   347 | D:1      | Reached skill level 1 in Conjurations
   627 | D:1      | Reached XP level 3. HP: 23/26 MP: 1/5
   631 | D:1      | Learned a level 3 spell: Stone Arrow
  1384 | D:2      | Noticed Terence
  1561 | D:2      | Reached skill level 2 in Spellcasting
  1633 | D:2      | Found a sparkling altar of Nemelex Xobeh.
  1638 | D:2      | Reached XP level 4. HP: 32/32 MP: 7/7
  1798 | D:3      | Gained mutation: You are dopey. (Int -2) [potion of
                  | mutation]
  1798 | D:3      | Gained mutation: You passively map a small area around you.
                  | [potion of mutation]
  1810 | D:3      | HP: 2/32 [something/magic dart (9)]
  1811 | D:3      | Killed from afar by an orc wizard

Vanquished Creatures
  2 worms (D:2)
  2 dart slugs (D:1)
  An orc (D:3)
  8 bats
  4 endoplasms
  2 giant cockroaches (D:1)
  2 goblins (D:2)
  7 hobgoblins
  3 quokkas
  2 ball pythons (D:1)
  4 frilled lizards
  2 kobolds (D:1)
39 creatures vanquished.

Table legend: (Time is in decaauts)
 A = Elapsed time spent in this place.
 B = Non-inter-level travel time spent in this place.
 C = Inter-level travel time spent in this place.
 D = Time resting spent in this place.
 E = Time spent auto-exploring this place.
 F = Levels seen in this place.
 G = Mean time per level.
                   A        B        C        D        E       F      G
               +--------+--------+--------+--------+--------+-----+--------+
         Total |   1853 |   1754 |     99 |    147 |   1262 |   3 |  617.7 |
       Dungeon |   1853 |   1754 |     99 |    147 |   1262 |   3 |  617.7 |
               +--------+--------+--------+--------+--------+-----+--------+

Top non-repeatable levels by time:
     D:1: 1515 daAuts
     D:2: 253 daAuts
     D:3: 84 daAuts

Table legend:
 A = Non-vault XP
 B = Vault XP
 C = Vault XP percentage of total XP
 D = Non-vault monster count
 E = Vault monster count
 F = Vault count percentage of total count
                 A         B        C        D         E       F
            +---------+---------+-------+---------+---------+-------
      Total |      68 |       7 |   9.3 |      35 |       4 |  10.3
            +---------+---------+-------+---------+---------+-------
        D:1 |      35 |       7 |  16.7 |      20 |       4 |  16.7
        D:2 |      29 |       0 |   0.0 |      13 |       0 |   0.0
        D:3 |       4 |       0 |   0.0 |       2 |       0 |   0.0
            +---------+---------+-------+---------+---------+-------
